 Dungeon Crawl Stone Soup version 0.30.1-11-g7821555f0a (webtiles) character file.

Game seed: 11328736076603405706

1836231 Scypho the Conqueror (level 25, 34/174 (179) HPs)
             Began as a Minotaur Fighter on Dec 7, 2023.
             Was a High Priest of Okawaru.
             Escaped with the Orb
             ... and 3 runes on Dec 11, 2023!
             The game lasted 03:35:50 (55904 turns).

Scypho the Conqueror (Minotaur Fighter)            Turns: 55904, Time: 03:35:51

HP:   34/174 (179)  AC: 43    Str: 25    XL:     25   Next: 61%
MP:   35/35         EV: 26    Int:  7    God:    Okawaru [*****.]
Gold: 7109          SH: 26    Dex: 21    Spells: 24/24 levels left

rFire   + + .        E - +9 morningstar (vamp)
rCold   + . .        x - +2 shield of Resistance {rF++ rC++ Will++}
rNeg    + . .        V - +12 plate armour "Onuroit" {rN+ MP+9 Str-2}
rPois   +            J - +2 hat {Will+}
rElec   +            G - +1 cloak
rCorr   .            g - +0 pair of gloves of Orum {SInv}
SInv    +            t - +0 pair of boots of Integrity {rElec rPois Int-2 Slay+5}
Will    +++++        f - amulet of reflection Stlth
                     Z - ring "Amezapnorcho" {rC- Will+ Str+3 Dex+6 Slay+2}
HPRegen 0.49/turn    T - +5 ring of evasion
MPRegen 0.24/turn

%: reflection
@: studying Maces & Flails, lightly drained
A: horns 2, retaliatory headbutt, frail 3, low MP 1, subdued magic 1
0: Orb of Zot
}: 3/15 runes: barnacled, silver, gossamer
a: Renounce Religion, Heroism, Finesse, Duel


You escaped.
You worshipped Okawaru.
Okawaru was extremely pleased with you.
You visited 10 branches of the dungeon, and saw 48 of its levels.
You visited the Abyss 1 time.
You also visited: Bailey, Gauntlet and Desolation.

You collected 9318 gold pieces.
You spent 2209 gold pieces at shops.

Inventory:

Hand Weapons
 E - a +9 vampiric morningstar (weapon)
 Y - a +5 demon whip of protection
Missiles
 v - 7 throwing nets
Armour
 g - the +0 pair of gloves of Orum (worn) {SInv}
   (Okawaru gifted it to you on level 3 of the Elven Halls)

   SInv:      It lets you see invisible.
 t - the +0 pair of boots of Integrity (worn) {rElec rPois Int-2 Slay+5}
   (You found it in a bailey)

   Int:       It affects your intelligence (-2).
   Slay:      It affects your accuracy & damage with ranged weapons and melee
   (+5).
   rElec:     It insulates you from electricity.
   rPois:     It protects you from poison.
 x - the +2 shield of Resistance (worn) {rF++ rC++ Will++}
   (You bought it in a shop on level 2 of the Orcish Mines)

   rF:        It greatly protects you from fire.
   rC:        It greatly protects you from cold.
   Will:      It greatly increases your willpower.
 G - a +1 cloak (worn)
 J - a +2 hat of willpower (worn)
 V - the +12 plate armour "Onuroit" (worn) {rN+ MP+9 Str-2}
   (Okawaru gifted it to you on level 15 of the Dungeon)

   Str:       It affects your strength (-2).
   rN:        It protects you from negative energy.
   MP:        It affects your magic capacity (+9).
Jewellery
 c - the ring "Quxzuan" {+Blink rF+ rC+ Str+6}
   (You found it in a Gauntlet)

   [ring of strength]

   Str:       It affects your strength (+6).
   rF:        It protects you from fire.
   rC:        It protects you from cold.
   +Blink:    It lets you blink.
 f - an amulet of reflection (around neck)
 i - the ring "Jodarem" {rN+ Dex+6}
   (You found it in the Desolation of Salt)

   [ring of dexterity]

   Dex:       It affects your dexterity (+6).
   rN:        It protects you from negative energy.
 q - a +6 ring of strength
 y - the ring "Hamete" {MP+9 Str+2 Int+6 Dex+3}
   (You found it in the Desolation of Salt)

   [ring of intelligence]

   Str:       It affects your strength (+2).
   Int:       It affects your intelligence (+6).
   Dex:       It affects your dexterity (+3).
   MP:        It affects your magic capacity (+9).
 R - a +4 ring of slaying
 T - a +5 ring of evasion (right hand)
 X - the ring "Zyrekudu" {rElec rF+ Dex+2 Stlth+}
   (You found it on level 3 of the Lair of Beasts)

   [ring of protection from fire]

   Dex:       It affects your dexterity (+2).
   rF:        It protects you from fire.
   rElec:     It insulates you from electricity.
   Stlth:     It makes you more stealthy.
 Z - the ring "Amezapnorcho" (left hand) {rC- Will+ Str+3 Dex+6 Slay+2}
   (You found it on level 4 of the Shoals)

   [ring of dexterity]

   Str:       It affects your strength (+3).
   Dex:       It affects your dexterity (+6).
   Slay:      It affects your accuracy & damage with ranged weapons and melee
   (+2).
   rC:        It makes you vulnerable to cold.
   Will:      It increases your willpower.
Wands
 d - a wand of digging (10)
 z - a wand of paralysis (35)
 C - a wand of iceblast (30) (quivered)
 H - a wand of flame (107)
 I - a wand of mindburst (2)
 S - a wand of quicksilver (18)
Scrolls
 b - 10 scrolls of fear
 e - 8 scrolls of poison
 k - 9 scrolls of fog
 l - 12 scrolls of vulnerability
 n - 19 scrolls of teleportation
 u - 6 scrolls of immolation
 F - 3 scrolls of silence
 N - a scroll of magic mapping
 O - 3 scrolls of amnesia
Potions
 a - 3 potions of invisibility
 m - 9 potions of ambrosia
 o - 8 potions of resistance
 s - 3 potions of magic
 A - 10 potions of curing
 B - 6 potions of flight
 K - 7 potions of might
 L - 3 potions of berserk rage
 P - a potion of haste
 Q - 4 potions of mutation
 U - 4 potions of cancellation


   Skills:
 O Level 27 Fighting
 - Level 14.0 Maces & Flails
 - Level 4.5 Throwing
 O Level 27 Armour
 + Level 21.1 Dodging
 O Level 27 Shields
 - Level 10.1 Invocations


You had 24 spell levels left.
You didn't know any spells.
Your spell library contained the following spells:

 Spells                   Type           Power      Damage    Failure   Level
 Apportation              Tloc           0%         N/A       80%         1
 Beastly Appendage        Tmut           0%         N/A       80%         1
 Foxfire                  Conj/Fire      0%         2x1d4     80%         1
 Magic Dart               Conj           0%         1d3       80%         1
 Necrotise                Necr           0%         1d4       80%         1
 Shock                    Conj/Air       0%         1d3       80%         1
 Sting                    Tmut/Pois      0%         1d3       80%         1
 Blink                    Tloc           0%         N/A       91%         2
 Cigotuvi's Dreadful Rot  Necr/Pois/Air  0%         N/A       91%         2
 Ensorcelled Hibernation  Hex/Ice        0%         N/A       91%         2
 Passwall                 Tmut/Erth      0%         N/A       91%         2
 Poisonous Vapours        Pois/Air       0%         N/A       91%         2
 Scorch                   Fire           0%         2d5       91%         2
 Searing Ray              Conj           0%         2d4       91%         2
 Static Discharge         Conj/Air       0%         2-2/arc   91%         2
 Sublimation of Blood     Necr           0%         N/A       91%         2
 Wereblood                Tmut           0%         N/A       91%         2
 Gell's Gravitas          Tloc           0%         N/A       99%         3
 Inner Flame              Hex/Fire       0%         N/A       99%         3
 Mephitic Cloud           Conj/Pois/Air  0%         N/A       99%         3
 Ozocubu's Armour         Ice            0%         N/A       99%         3
 Portal Projectile        Hex/Tloc       0%         N/A       99%         3
 Spider Form              Tmut/Pois      0%         N/A       99%         3
 Swiftness                Air            0%         N/A       99%         3
 Teleport Other           Tloc           0%         N/A       99%         3
 Vampiric Draining        Necr           0%         2d6       99%         3
 Vhi's Electric Charge    Tloc/Air       0%         N/A       99%         3
 Volatile Blastmotes      Fire/Tloc      0%         2d10      99%         3
 Airstrike                Air            0%         2d(0-16)  100%        4
 Anguish                  Hex/Necr       0%         N/A       100%        4
 Cause Fear               Hex            0%         N/A       100%        4
 Dispel Undead            Necr           0%         3d6       100%        4
 Flame Wave               Conj/Fire      0%         2d4       100%        4
 Fulminant Prism          Conj/Hex       0%         3d5       100%        4
 Iskenderun's Mystic Bla  Conj/Tloc      0%         2d3       100%        4
 Leda's Liquefaction      Hex/Erth       0%         N/A       100%        4
 Manifold Assault         Tloc           0%         N/A       100%        4
 Olgreb's Toxic Radiance  Pois           0%         N/A       100%        4
 Passage of Golubria      Tloc           0%         N/A       100%        4
 Petrify                  Tmut/Erth      0%         N/A       100%        4
 Alistair's Intoxication  Tmut/Pois      0%         N/A       100%        5
 Arcjolt                  Conj/Air       0%         1d10      100%        5
 Borgnjor's Vile Clutch   Necr/Erth      0%         N/A       100%        5
 Fireball                 Conj/Fire      0%         3d3       100%        5
 Irradiate                Conj/Tmut      0%         3d11      100%        5
 Iskenderun's Battlesphe  Conj           0%         2d6       100%        5
 Lee's Rapid Deconstruct  Erth           0%         3d4*      100%        5
 Metabolic Englaciation   Hex/Ice        0%         N/A       100%        5
 Silence                  Hex/Air        0%         N/A       100%        5
 Yara's Violent Unravell  Hex/Tmut       0%         3d3       100%        5
 Dispersal                Tloc           0%         N/A       100%        6
 Eringya's Noxious Bog    Tmut/Pois      0%         N/A       100%        6
 Iron Shot                Conj/Erth      0%         9d1       100%        6
 Plasma Beam              Fire/Air       0%         2x1d11    100%        6
 Starburst                Conj/Fire      0%         6d3       100%        6
 Statue Form              Tmut/Erth      0%         N/A       100%        6
 Dragon Form              Tmut           0%         N/A       100%        7
 Enfeeble                 Hex            0%         N/A       100%        7
 Orb of Destruction       Conj           0%         9d5       100%        7
 Storm Form               Tmut/Air       0%         N/A       100%        7
 Borgnjor's Revivificati  Necr           0%         N/A       100%        8
 Discord                  Hex            0%         N/A       100%        8
 Ignition                 Fire           0%         3d3       100%        8
 Lehudib's Crystal Spear  Conj/Erth      0%         10d2      100%        8
 Necromutation            Tmut/Necr      0%         N/A       100%        8
 Death's Door             Necr           0%         N/A       100%        9
 Summon Small Mammal      Summ           Unusable   N/A       N/A         1
 Call Imp                 Summ           Unusable   N/A       N/A         2
 Call Canine Familiar     Summ           Unusable   N/A       N/A         3
 Summon Guardian Golem    Hex/Summ       Unusable   N/A       N/A         3
 Summon Lightning Spire   Summ/Air       Unusable   N/A       N/A         4
 Death Channel            Necr           Unusable   N/A       N/A         6
 Simulacrum               Ice/Necr       Unusable   N/A       N/A         6
 Summon Cactus Giant      Summ           Unusable   N/A       N/A         6
 Spellforged Servitor     Conj/Summ      Unusable   N/A       N/A         7
 Summon Hydra             Summ           Unusable   N/A       N/A         7
 Dragon's Call            Summ           Unusable   N/A       N/A         9

Dungeon Overview and Level Annotations

Branches:
Dungeon (15/15)            Temple (1/1) D:4            Lair (5/5) D:11
 Shoals (4/4) Lair:2       Spider (4/4) Lair:2        Slime (0/5) Lair:4
    Orc (2/2) D:10            Elf (3/3) Orc:2        Vaults (5/5) D:14
  Crypt (0/3) Vaults:3     Depths (4/4) D:15            Zot (5/5) Depths:4
 Bailey (visited)         Desolation (visited)      Gauntlet (visited)

Altars:
Ashenzari
Cheibriados
Dithmenos
Elyvilon
Fedhas
Gozag
Hepliaklqana
Kikubaaqudgha
Makhleb
Nemelex Xobeh
Okawaru
Qazlal
Ru
Sif Muna
Trog
Uskayaw
Vehumet
Wu Jian
Xom
Yredelemnul
Zin
The Shining One
Jiyva

Shops:
D:1 (   D:4 [   D:8 [[=[   D:9 [   Orc:1 !=(   Orc:2 =*[*   Elf:1 (   Elf:2 *
Shoals:2 [   Shoals:3 =   Vaults:2 (   Vaults:3 [   Depths:3 =:((

Portals:
Hell: Depths:1 Depths:2 Depths:3 Depths:4
Abyss: Depths:3
Pandemonium: Orc:2 Depths:2 Depths:3
Ziggurat: Depths:4

Annotations:
D:4 exclusion: door
Shoals:3 2 transporters, Soriudd's ghost, adept TeAE


Innate Abilities, Weirdness & Mutations

You have a pair of horns on your head.
You reflexively headbutt those who attack you in melee.
You are extremely frail. (-30% HP)
Your magical capacity is low. (-10% MP)
Your spells are a little easier to cast, but a little less powerful.


Message History

You climb upwards.
Level annotation: exclusion: door
There is a stone staircase leading down here.
You open the door.
There is an open door here.
A ball python comes into view.
The ball python hisses angrily.
You bludgeon the ball python!!
You kill the ball python!
There is an escape hatch in the ceiling here.
A mysterious force pulls you upwards. The hatch slams shut behind you.
Press: ? - help, Shift-Dir - straight line A rock wall.
This square is covered in magical glow.
The rock shatters into small pieces.
An Ice Fiend comes into view.
The Ice Fiend calls on the powers of darkness!
Your body is wracked with pain!
* * * LOW HITPOINT WARNING * * *
There is an escape hatch in the ceiling here.
A mysterious force pulls you upwards. The hatch slams shut behind you.
Press: ? - help, Shift-Dir - straight line This square is covered in magical glow.
The rock shatters into small pieces.
There is a stone staircase leading up here.
You climb upwards.
There is a stone staircase leading down here.
Press: ? - help, Shift-Dir - straight line A rock wall.
This square is covered in magical glow.
The rock shatters into small pieces.
An Ice Fiend comes into view.
The Ice Fiend calls on the powers of darkness!
Your body is wracked with pain!
* * * LOW HITPOINT WARNING * * *
The Ice Fiend calls on the powers of darkness!
Your body is wracked with pain!
* * * LOW HITPOINT WARNING * * *
There is a staircase leading out of the dungeon here.
You have escaped!

.#.###.## ##.........## #.#.# #
.)###...###.....#.....## #.#.###
.#.###.###.....###.....####..#.##
###)#..##.....#####.....##...##.#
.......#.....#.....#.........###.
####.#......###...###........##.#
####.#.....#####.#####.......#.##
..........#...........#.....#.##
.........###....@....###......#
####....#####..)....#####....##
.......#...1.#.....#.....#...#
####..###...###...###...###..#
#.#####.#####.#####.#####.#
####.........................##
.....(.............####.###.#.##
######......###.#### #.##.###.##
#.#...## #.# #.#.##.....


You could see an Ice Fiend.

Vanquished Creatures
  An ancient lich (Zot:5)
  Mara (Shoals:4)
  2 juggernauts
  Boris (Vaults:3)
  Saint Roka (Vaults:1)
  Nikola (Shoals:4)
  5 golden dragons
  A pearl dragon (Depths:4)
  the Enchantress (Depths:3)
  3 doom hounds (Zot:3)
  Zenata (Elf:1)
  8 tentacled monstrosities
  Mlioglotl (Spider:3)
  A Hell Sentinel (Depths:1)
  4 liches
  6 Orb Guardians
  2 deep elf blademasters
  Grunn (Zot:3)
  5 titans (Vaults:5)
  3 deep elf master archers (Elf:3)
  6 quicksilver dragons
  A sphinx (shapeshifter) (Vaults:5)
  Gastronok (Lair:1)
  7 sphinxes
  Agnes (Spider:4)
  A kraken (Shoals:1)
  6 shadow dragons
  Donald (Shoals:3)
  3 tengu reavers (Vaults:5)
  8 draconian monks (Depths:4)
  10 fire giants
  12 storm dragons
  3 iron dragons
  6 emperor scorpions
  Ilsuiw (Shoals:4)
  5 deep elf sorcerers
  17 vault wardens
  An imperial myrmidon (Desolation)
  A draconian knight (Depths:4)
  Louise (Elf:3)
  7 frost giants
  A draconian scorcher (Zot:5)
  A caustic shrike zombie (D:15)
  A draconian shifter (Zot:5)
  A deep elf elementalist (Elf:3)
  An angel (Depths:1)
  4 ghost moths
  2 draconian annihilators
  A balrug (Depths:3)
  9 broodmothers
  An orc warlord (Vaults:2)
  19 ironbound preservers
  A broodmother (shapeshifter) (Vaults:5)
  4 spriggan defenders
  20 very ugly things
  19 stone giants
  Nessos (Lair:3)
  7 ironbound thunderhulks
  10 deep elf demonologists
  8 green draconians
  An ophan (Depths:4)
  An apis (Depths:4)
  10 dire elephants
  A yellow draconian (Zot:5)
  5 black draconians
  3 vampire knights
  7 purple draconians
  11 white draconians (Depths:4)
  11 deep elf annihilators
  4 halazid warlocks (Desolation)
  A minotaur (Gauntlet)
  9 spark wasps
  3 red draconians
  An ettin (shapeshifter) (Depths:2)
  10 deep elf death magi
  Snorg (D:13)
  5 merfolk javelineers
  4 crystal guardians
  14 ettins
  11 merfolk impalers
  11 ragged hierophants (Desolation)
  5 servants of whispers (Desolation)
  The ghost of Laveh the Severer, a journeyman MiFi of Okawaru (Orc:2)
  10 deep elf high priests
  10 entropy weavers
  7 fire dragons
  6 yaktaur captains
  33 vault guards
  10 peacekeepers
  3 rakshasas
  11 great orbs of eyes
  6 hydras
  Erolcha (Orc:2)
  4 spriggan air magi
  The ghost of turdburglar the Skirmisher, a journeyman FoHu of Gozag (D:9)
  16 ice dragons
  2 ogre magi
  2 demonspawn (Orc:2)
  7 ironbound frosthearts
  7 two-headed ogres
  4 alligator snapping turtles
  3 jorogumos
  31 dancing weapons
  2 merfolk aquamancers
  4 radroaches
  13 deep troll shamans
  9 boulder beetles
  7 centaur warriors
  11 deep troll earth magi
  2 vampire magi
  3 tengu warriors
  A soul eater (Depths:3)
  10 spriggan berserkers
  5 thrashing horrors (Abyss:4)
  A wretched star (Abyss:3)
  4 hell knights (Depths:3)
  6 orc high priests (Orc:2)
  2 sun demons (Depths:3)
  5 skeletal warriors
  17 deep elf knights
  7 iron trolls
  A shadow wraith (Vaults:5)
  5 skysharks
  2 death drakes (Depths:4)
  14 pharaoh ants
  7 sea snakes
  Lodul (D:13)
  A fire crab (shapeshifter) (Vaults:5)
  A sea snake (shapeshifter) (Vaults:2)
  4 sun moths
  12 orb spiders
  54 deep trolls
  A shadow demon (Depths:2)
  2 sixfirhies
  13 slime creatures
  A flayed ghost (Depths:3)
  9 deep elf archers
  A kraken simulacrum (Shoals:4)
  8 phantasmal warriors
  4 necromancers
  7 wizards
  26 harpies
  4 glowing orange brains
  21 ironbound convokers
  13 orc knights
  12 lindwurms
  26 deep elf zephyrmancers
  5 steelbarb worms
  14 cyclopes
  19 fauns
  32 deep elf pyromancers
  9 orc sorcerers
  25 wolf spiders
  A stone giant zombie (D:15)
  2 fire giant zombies
  29 ugly things
  20 manticores
  9 merfolk sirens
  10 black mambas
  5 guardian serpents
  A molten gargoyle (Desolation)
  The ghost of mangeymoose the Trooper, a novice MiMo of the Shining One (D:9)
  Joseph (D:7)
  A water nymph (shapeshifter) (Vaults:5)
  2 fire giant skeletons
  A rust devil (Orc:2)
  11 moths of wrath
  18 vault sentinels
  2 gargoyles (D:12)
  9 cane toads
  3 demonic crawlers
  2 smoke demons
  3 water nymphs (Shoals:4)
  2 orange demons
  10 torpor snails
  2 kobold demonologists
  5 komodo dragons
  13 yaktaurs
  3 rime drakes
  An efreet (Gauntlet)
  4 tengu conjurers
  A komodo dragon (shapeshifter) (D:14)
  2 freezing wraiths
  A guardian mummy (D:15)
  2 red devils
  2 yaktaur skeletons (Vaults:3)
  A polar bear (shapeshifter) (Elf:1)
  34 merfolk
  5 wind drakes
  A hellwing (Depths:3)
  Prince Ribbit (D:5)
  A wind drake (shapeshifter) (Depths:1)
  9 polar bears (Lair:5)
  24 meliai
  26 tarantellas
  A hornet (shapeshifter) (Vaults:5)
  Grinder (D:3)
  53 saltlings (Desolation)
  11 trolls
  8 hornets
  2 raiju (Lair:5)
  8 dream sheep
  8 snapping turtles
  A large abomination (Abyss:3)
  A human simulacrum (Vaults:4)
  2 air elementals
  31 culicivoras
  45 jumping spiders
  6 spriggans (Depths:3)
  2 yaks (shapeshifter) (D:14)
  2 spriggans (shapeshifter) (D:14)
  26 water elementals
  2 shadows
  2 wraiths (D:10)
  A chaos spawn (Depths:2)
  2 vampires
  A human (shapeshifter) (D:14)
  2 humans (Lair:3)
  4 basilisks
  10 wyverns
  30 yaks
  3 hogs (Lair:3)
  A wyvern (shapeshifter) (Vaults:5)
  A fire elemental (Gauntlet)
  65 redbacks
  8 vampire mosquitoes
  A neqoxec (Orc:2)
  7 wargs
  Edmund (D:4)
  An elf skeleton (Vaults:4)
  19 water moccasins
  2 acid dragons
  17 hell hounds
  A floating eye (Depths:4)
  12 black bears
  A sky beast (D:7)
  2 ice beasts
  33 orc warriors
  18 wolves
  A small abomination (Abyss:4)
  14 ogres
  5 centaurs
  9 kobold brigands
  7 bullfrogs
  A scorpion (D:6)
  2 earth elementals
  4 gnoll sergeants
  3 wights (D:7)
  4 killer bees (D:8)
  An electric eel (D:13)
  2 howler monkeys
  4 lava snakes (Lair:3)
  22 orc priests
  3 hounds
  A jelly (D:6)
  6 starcursed masses (Abyss:3)
  2 sleepcaps
  3 iguanas
  21 orc wizards
  Terence (D:3)
  16 gnolls
  An adder (D:3)
  A shadow imp (D:6)
  3 ufetubi
  4 worms
  A dart slug (D:3)
  58 orcs
  6 ball pythons
  3 bats
  8 endoplasms
  2 giant cockroaches (D:1)
  6 hobgoblins
  4 jackals (D:3)
  5 quokkas
  A frilled lizard (D:1)
  12 goblins
  30 kobolds
  9 rats
  A lurking horror (Abyss:3)
2049 creatures vanquished.

Vanquished Creatures (others)
  Kirke (Lair:3)
  2 frost giants (Depths:2)
  A wizard (Vaults:4)
  2 deep elf pyromancers (Elf:3)
  A wolf spider (Spider:4)
  A deep elf zephyrmancer (Elf:2)
  A guardian serpent (Desolation)
  A tarantella (Spider:4)
  A redback (Spider:4)
  An orc (Vaults:5)
  A foxfire (Abyss:3)
  5 starspawn tentacles
  16 tentacles
34 creatures vanquished.

Grand Total: 2083 creatures vanquished

Notes
Turn   | Place    | Note
-------+----------+-------------------------------------------
     0 | D:1      | Scypho the Minotaur Fighter began the quest for the Orb.
     0 | D:1      | Reached XP level 1. HP: 19/19 MP: 0/0
   187 | D:1      | Reached XP level 2. HP: 14/26 MP: 1/1
   392 | D:1      | Found Hoacveng's Antique Weapon Emporium.
   413 | D:1      | Found a faded altar of an unknown god.
   771 | D:2      | Reached XP level 3. HP: 31/31 MP: 2/2
  1041 | D:2      | Reached skill level 5 in Maces & Flails
  1631 | D:3      | Reached XP level 4. HP: 34/39 MP: 3/3
  1753 | D:3      | Noticed Terence
  1756 | D:3      | Killed Terence
  1814 | D:3      | Noticed an ogre
  1818 | D:3      | Killed an ogre
  1819 | D:3      | Reached XP level 5. HP: 39/45 MP: 4/4
  2234 | D:3      | Noticed Grinder
  2241 | D:3      | Killed Grinder
  2242 | D:3      | Reached XP level 6. HP: 35/51 MP: 5/5
  2570 | D:4      | Found a sparkling altar of Nemelex Xobeh.
  2656 | D:4      | Found Jilomice's Armour Boutique.
  2708 | D:4      | Found a staircase to the Ecumenical Temple.
  2717 | Temple   | Entered the Ecumenical Temple
  2749 | D:4      | Noticed Edmund
  2782 | D:4      | Killed Edmund
  2783 | D:4      | Reached XP level 7. HP: 15/57 MP: 6/6
  2983 | D:4      | Found a shimmering blue altar of Sif Muna.
  3495 | D:5      | Entered Level 5 of the Dungeon
  3518 | D:5      | Reached skill level 10 in Maces & Flails
  3606 | D:5      | Noticed Prince Ribbit
  3613 | D:5      | Killed Prince Ribbit
  3839 | D:5      | Noticed a shadow
  3856 | D:5      | Killed a shadow
  3857 | D:5      | Reached XP level 8. HP: 28/64 MP: 7/7
  4166 | D:5      | Found an ancient bone altar of Kikubaaqudgha.
  4666 | D:6      | Found a broken altar of Ashenzari.
  5625 | D:7      | Found a hazy altar of Hepliaklqana.
  5669 | D:7      | Reached XP level 9. HP: 71/71 MP: 8/8
  5804 | D:7      | Noticed Joseph
  5832 | D:7      | Killed Joseph
  5833 | D:7      | Reached skill level 1 in Dodging
  5958 | D:7      | Found a radiant altar of Vehumet.
  6011 | D:7      | Found an iron altar of Okawaru.
  6015 | D:7      | Became a worshipper of Warmaster Okawaru
  6031 | D:7      | Identified the +1 spear "Dusuloowk" {freeze, rN++ Str-4}
  6457 | D:8      | Reached skill level 5 in Armour
  6513 | D:8      | Reached skill level 5 in Fighting
  6513 | D:8      | Reached skill level 5 in Shields
  6701 | D:8      | Found Zuadd's Armour Boutique.
  6702 | D:8      | Found Gutaof's Jewellery Boutique.
  6704 | D:8      | Found Suin's Armour Boutique.
  6705 | D:8      | Found Nusuamma's Antique Armour Boutique.
  7440 | D:8      | Noticed a two-headed ogre
  7454 | D:8      | Killed a two-headed ogre
  7454 | D:8      | Reached * piety under Okawaru
  7882 | D:9      | Reached skill level 1 in Invocations
  7882 | D:9      | Reached XP level 10. HP: 79/84 MP: 7/10
  7920 | D:9      | Found Qituif's Armour Boutique.
  7961 | D:9      | Found a runed translucent gate.
  7962 | D:9      | Found a runed translucent gate.
  7963 | D:9      | Found a runed translucent gate.
  7964 | D:9      | Noticed mangeymoose's ghost (novice MiMo)
  7965 | D:9      | Noticed turdburglar's ghost (journeyman FoHu)
  7988 | D:9      | Reached ** piety under Okawaru
  8136 | D:9      | Found a flagged portal.
  8141 | D:9      | Noticed a two-headed ogre
  8155 | D:9      | Killed a two-headed ogre
  8156 | D:9      | Reached skill level 5 in Invocations
  8160 | Bailey   | Entered a bailey
  8348 | Bailey   | Identified the +8 trident "Cuideraa" {heavy, Dex+3}
  8372 | Bailey   | Found a bloodstained altar of Trog.
  8384 | Bailey   | Identified the +0 pair of boots of Integrity {rElec rPois
                  | Int-2 Slay+5}
  8391 | Bailey   | Identified the +8 battleaxe "Uddost" {flame, Str+4 Int+3
                  | Dex+3 Stlth-}
  8545 | D:9      | Found a burning altar of Makhleb.
  8695 | D:9      | Found a stormy altar of Qazlal.
  8716 | D:9      | Found a glowing golden altar of the Shining One.
  8717 | D:9      | Found a white marble altar of Elyvilon.
  8718 | D:9      | Found a glowing silver altar of Zin.
  9160 | D:9      | Killed mangeymoose's ghost
  9160 | D:9      | Reached *** piety under Okawaru
  9175 | D:9      | Killed turdburglar's ghost
  9245 | D:10     | Entered Level 10 of the Dungeon
  9355 | D:10     | Found an opulent altar of Gozag.
  9458 | D:10     | Reached **** piety under Okawaru
  9459 | D:10     | Reached XP level 11. HP: 71/93 MP: 14/14
  9540 | D:10     | Found a staircase to the Orcish Mines.
  9940 | D:10     | Found an ornate altar of the Wu Jian Council.
 10310 | D:11     | Reached ***** piety under Okawaru
 10414 | D:11     | Found a staircase to the Lair.
 11063 | Lair:1   | Entered Level 1 of the Lair of Beasts
 11162 | Lair:1   | Reached skill level 5 in Dodging
 11324 | Lair:1   | Noticed a six-headed hydra
 11333 | Lair:1   | Killed a six-headed hydra
 11903 | Lair:1   | Noticed Gastronok
 11922 | Lair:1   | Killed Gastronok
 11922 | Lair:1   | Identified the +1 great mace of Layphink {drain, rElec
                  | Int+4} (Okawaru gifted it to you on level 1 of the Lair of
                  | Beasts)
 11922 | Lair:1   | Received a gift from Okawaru
 12068 | Lair:2   | Found a staircase to the Shoals.
 12343 | Lair:2   | Reached XP level 12. HP: 104/104 MP: 17/17
 12635 | Lair:2   | Found a hole to the Spider Nest.
 13011 | Lair:3   | Noticed Kirke
 13032 | Lair:3   | Killed Kirke
 13033 | Lair:3   | Reached skill level 10 in Invocations
 13196 | Lair:3   | Noticed an eight-headed hydra
 13217 | Lair:3   | Killed an eight-headed hydra
 13217 | Lair:3   | Received a gift from Okawaru
 13490 | Lair:3   | Noticed Nessos
 13548 | Lair:3   | Killed Nessos
 14011 | Lair:3   | Found a runed translucent door.
 14085 | Lair:3   | Reached skill level 10 in Armour
 14135 | Lair:3   | Reached skill level 10 in Fighting
 14140 | Lair:3   | Found a runed translucent gate.
 14140 | Lair:3   | Found a runed translucent gate.
 14144 | Lair:3   | Found a runed translucent gate.
 14144 | Lair:3   | Found a runed translucent gate.
 14144 | Lair:3   | Found a runed translucent gate.
 14144 | Lair:3   | Found a runed translucent gate.
 14144 | Lair:3   | Noticed a boulder beetle
 14144 | Lair:3   | Noticed a boulder beetle
 14146 | Lair:3   | Noticed a boulder beetle
 14148 | Lair:3   | Reached skill level 10 in Shields
 14334 | Lair:4   | Noticed an eight-headed hydra
 14339 | Lair:4   | Killed an eight-headed hydra
 14339 | Lair:4   | Received a gift from Okawaru
 14352 | Lair:4   | Found a staircase to the Slime Pits.
 14352 | Lair:4   | Found a viscous altar of Jiyva.
 15397 | Lair:5   | Entered Level 5 of the Lair of Beasts
 15533 | Lair:5   | Reached XP level 13. HP: 116/116 MP: 19/19
 15868 | Lair:5   | Identified the +0 pair of gloves of Zujig {*Corrode rPois
                  | rF+} (Okawaru gifted it to you on level 5 of the Lair of
                  | Beasts)
 15868 | Lair:5   | Received a gift from Okawaru
 16088 | Lair:5   | Reached ****** piety under Okawaru
 17383 | D:12     | Received a gift from Okawaru
 17704 | D:13     | Noticed Snorg
 17728 | D:13     | Killed Snorg
 17728 | D:13     | Identified the +0 plate armour "Syeluta" {Rampage rF+}
                  | (Okawaru gifted it to you on level 13 of the Dungeon)
 17728 | D:13     | Received a gift from Okawaru
 17729 | D:13     | Reached XP level 14. HP: 40/127 MP: 20/20
 18002 | D:13     | Noticed Lodul
 18013 | D:13     | Killed Lodul
 19094 | D:14     | Found a shadowy altar of Dithmenos.
 19927 | D:14     | Found a gate to the Vaults.
 20209 | D:15     | Entered Level 15 of the Dungeon
 20290 | D:15     | Found a staircase to the Depths.
 20403 | D:15     | Identified the +12 plate armour "Onuroit" {rN+ MP+9 Str-2}
                  | (Okawaru gifted it to you on level 15 of the Dungeon)
 20403 | D:15     | Received a gift from Okawaru
 22191 | Lair:3   | Reached XP level 15. HP: 139/139 MP: 21/21
 22225 | Lair:3   | Identified the ring "Zyrekudu" {rElec rF+ Dex+2 Stlth+}
 22305 | Shoals:1 | Entered Level 1 of the Shoals
 22318 | Shoals:1 | Reached skill level 15 in Armour
 22374 | Shoals:1 | Reached skill level 15 in Shields
 22461 | Shoals:1 | Reached skill level 15 in Fighting
 22567 | Abyss:3  | Cast into level 3 of the Abyss (merfolk impaler)
 22645 | Abyss:3  | Found a corrupted altar of Lugonu.
 22707 | Abyss:3  | Identified the +4 flail of Kiuwn {distort, rElec rC+ rN+
                  | rCorr} (Okawaru gifted it to you on level 3 of the Abyss)
 22707 | Abyss:3  | Received a gift from Okawaru
 22740 | Abyss:3  | Noticed an ancient lich
 22750 | Abyss:3  | Found a corrupted altar of Lugonu.
 22876 | Abyss:3  | Noticed a tentacled starspawn
 22885 | Abyss:3  | Found a corrupted altar of Lugonu.
 22892 | Abyss:3  | Noticed a Hell Sentinel
 22927 | Abyss:3  | Noticed an acid blob
 22938 | Abyss:3  | Noticed an Executioner
 22943 | Abyss:3  | Found a corrupted altar of Lugonu.
 22956 | Abyss:3  | Noticed an ancient lich
 23045 | Abyss:4  | Found a corrupted altar of Lugonu.
 23070 | Abyss:4  | Found a corrupted altar of Lugonu.
 23073 | Abyss:4  | Noticed a tentacled starspawn
 23084 | Abyss:4  | Noticed a pearl dragon
 23112 | Abyss:4  | Noticed a tengu reaver
 23113 | Abyss:4  | Gained mutation: You are frail. (-10% HP) [a neqoxec]
 23121 | Abyss:4  | Noticed a deep elf blademaster
 23122 | Abyss:4  | Noticed a hellephant
 23130 | Abyss:4  | Noticed a tentacled starspawn
 23131 | Shoals:1 | Escaped the Abyss
 23153 | Shoals:1 | Reached skill level 10 in Dodging
 23444 | Shoals:1 | Received a gift from Okawaru
 23881 | Shoals:1 | Noticed a kraken
 23899 | Shoals:1 | Killed a kraken
 23953 | Shoals:2 | Found Polaulon's Antique Armour Boutique.
 24854 | Shoals:3 | Reached XP level 16. HP: 103/136 MP: 22/22
 25038 | Shoals:3 | Noticed Soriudd's ghost (adept TeAE)
 25040 | Shoals:3 | Found a transporter.
 25043 | Shoals:3 | Found a bloodstained altar of Trog.
 25057 | Shoals:3 | Found a transporter.
 25238 | Shoals:3 | Noticed Donald
 25259 | Shoals:3 | Killed Donald
 25322 | Shoals:3 | Found Bauwnolecu's Jewellery Shop.
 25491 | Shoals:3 | Received a gift from Okawaru
 25814 | Shoals:4 | Entered Level 4 of the Shoals
 26117 | Shoals:4 | Noticed Nikola
 26543 | Shoals:4 | Killed Nikola
 26686 | Shoals:4 | Noticed Ilsuiw
 27065 | Shoals:4 | Identified the ring "Amezapnorcho" {rC- Will+ Str+3 Dex+6
                  | Slay+2}
 27088 | Shoals:4 | Noticed Mara
 27105 | Shoals:4 | Noticed Scypho's illusion
 27125 | Shoals:4 | Killed Mara
 27125 | Shoals:4 | Received a gift from Okawaru
 27161 | Shoals:4 | Killed Ilsuiw
 27227 | Shoals:4 | Got a barnacled rune of Zot
 27389 | Orc:1    | Entered Level 1 of the Orcish Mines
 27405 | Orc:1    | Found Jigusm's Weapon Emporium.
 27455 | Orc:1    | Found Bapogur's Jewellery Shoppe.
 27515 | Orc:1    | Found Hajoupue's Distillery.
 27591 | Orc:2    | Entered Level 2 of the Orcish Mines
 27591 | Orc:2    | Found a gate leading to a gauntlet.
 27603 | Gauntlet | Entered a Gauntlet
 27603 | Gauntlet | Found a transporter.
 27603 | Gauntlet | Found a transporter.
 27604 | Gauntlet | Found a transporter.
 27606 | Gauntlet | Found a transporter.
 27607 | Gauntlet | Found a transporter.
 27617 | Gauntlet | Found a transporter.
 27618 | Gauntlet | Found a transporter.
 27624 | Gauntlet | Found a transporter.
 27643 | Gauntlet | Found a transporter.
 27644 | Gauntlet | Found a transporter.
 27719 | Gauntlet | Found a transporter.
 27750 | Gauntlet | Found a transporter.
 27834 | Gauntlet | Identified the ring "Futrugire" {Fire rElec Stlth+}
 27865 | Gauntlet | Identified the ring of Xom's Passing Interest {*Corrode
                  | rPois AC+4 Int+3}
 28021 | Gauntlet | Identified the +3 glaive of the Kidney {antimagic, Fly
                  | rPois}
 28037 | Gauntlet | Identified the staff of fire "Roil" {rF+ rC- Int+9 Dex-4
                  | Stlth+}
 28037 | Gauntlet | Identified the ring "Quxzuan" {+Blink rF+ rC+ Str+6}
 28116 | Orc:2    | Found a staircase to the Elven Halls.
 28182 | Orc:2    | Noticed Erolcha
 28189 | Orc:2    | Killed Erolcha
 28439 | Orc:2    | Reached XP level 17. HP: 146/146 MP: 23/23
 28611 | Orc:1    | Received a gift from Okawaru
 29089 | Orc:2    | Found Ypacsoetz's General Store.
 29120 | Orc:2    | Found Meukhuyt's General Store.
 29148 | Orc:2    | Bought a scroll of teleportation for 42 gold pieces
 29148 | Orc:2    | Bought a potion of heal wounds for 70 gold pieces
 29171 | Orc:2    | Gained mutation: You are dopey. (Int -2) [a neqoxec]
 29443 | Orc:2    | Found Ajoanosch's Antique Armour Boutique.
 29443 | Orc:2    | Found Yciaratott's Jewellery Shop.
 29443 | Orc:2    | Found a one-way gate leading to the halls of Pandemonium.
 29449 | Orc:2    | Bought the +2 shield of Resistance {rF++ rC++ Will++} for
                  | 1198 gold pieces
 29449 | Orc:2    | Found the +2 shield of Resistance {rF++ rC++ Will++}
 29449 | Orc:2    | Bought a heavily runed plate armour for 476 gold pieces
 29449 | Orc:2    | Identified the +3 plate armour of Plog {rN+ Str+3 SInv
                  | Stlth-} (You bought it in a shop on level 2 of the Orcish
                  | Mines)
 29628 | Orc:2    | Found a runed translucent gate.
 29629 | Orc:2    | Noticed Laveh's ghost (journeyman MiFi)
 29629 | Orc:2    | Found a runed translucent gate.
 29630 | Orc:2    | Found a runed translucent gate.
 29680 | Orc:2    | Killed Laveh's ghost
 29740 | Orc:2    | Identified the ring of Nesmojety {rF- rCorr Dex+6 SInv}
 29743 | Orc:2    | Identified the quicksilver dragon scales of Iliar {rElec
                  | Will+}
 30044 | Spider:1 | Entered Level 1 of the Spider Nest
 30059 | Spider:1 | Lost mutation: You are dopey. (Int -2) [mutagenic glow]
 31700 | Spider:2 | Received a gift from Okawaru
 32631 | Spider:2 | Reached XP level 18. HP: 158/158 MP: 1/24
 33288 | Spider:3 | Noticed Mlioglotl
 33403 | Spider:3 | Killed Mlioglotl
 34184 | Spider:4 | Entered Level 4 of the Spider Nest
 34184 | Spider:4 | Noticed Agnes
 34242 | Spider:3 | Received a gift from Okawaru
 34386 | Spider:4 | Killed Agnes
 34867 | Spider:4 | Identified the +4 chain mail of Pan-Flutes {Int+4} (Okawaru
                  | gifted it to you on level 4 of the Spider Nest)
 34867 | Spider:4 | Received a gift from Okawaru
 35059 | Spider:4 | Reached XP level 19. HP: 168/168 MP: 25/25
 35076 | Spider:4 | Got a gossamer rune of Zot
 35482 | Elf:1    | Entered Level 1 of the Elven Halls
 35569 | Elf:1    | Reached XP level 20. HP: 170/175 MP: 26/26
 35885 | Elf:1    | Noticed Zenata
 35924 | Elf:1    | Received a gift from Okawaru
 36320 | Elf:1    | Killed Zenata
 36416 | Elf:1    | Found a bloodstained altar of Trog.
 36451 | Elf:1    | Received a gift from Okawaru
 36523 | Elf:1    | Found Dixtum Qeti's Antique Weapon Emporium.
 36653 | Elf:2    | Found Ywecikuf's Assorted Antiques.
 36707 | Elf:2    | Bought a scroll of blinking for 255 gold pieces
 36877 | Elf:2    | Identified a scroll of acquirement
 36878 | Elf:2    | Acquired 914 gold pieces
 37003 | Elf:2    | Found a runed translucent gate.
 37003 | Elf:2    | Found a runed translucent gate.
 37004 | Elf:2    | Found a runed translucent gate.
 37091 | Elf:2    | Received a gift from Okawaru
 37299 | Elf:2    | Found a crumbling gateway.
 37317 | Desolati | Entered the Desolation of Salt
 37372 | Desolati | Identified the +1 chain mail "Oshrenil" {rPois rF++ Str-2
                  | Dex-4} (Okawaru gifted it to you in the Desolation of Salt)
 37372 | Desolati | Received a gift from Okawaru
 37811 | Desolati | Identified the ring of Rappusau {rPois Will+ MP+9 Stlth+}
 37820 | Desolati | Identified the +0 helmet "Lyrit" {Rampage rC+}
 37828 | Desolati | Found the +2 Maxwell's thermic engine {flame, freeze, rev}
 37829 | Desolati | Identified the ring "Jodarem" {rN+ Dex+6}
 38412 | Desolati | Identified the staff of death "Cimilady" {rN+ Str+5}
 38421 | Desolati | Identified the +2 scale mail of Gallantry {Int+3 Dex+5}
 38442 | Desolati | Identified the +6 spear of the Lonely Lovers {heavy, rC-
                  | Dex+6}
 38518 | Desolati | Identified the +7 war axe of Doom {drain, *Rage rPois Str+3
                  | Int+8}
 38520 | Desolati | Identified the +2 ring mail "Plog" {Str+5 Dex+3}
 38521 | Desolati | Identified the +2 chain mail "Tutuv" {rF+}
 38528 | Desolati | Identified the ring "Hamete" {MP+9 Str+2 Int+6 Dex+3}
 38621 | Elf:2    | Identified the +1 leather armour of the Apothecary {rPois
                  | rF+ Regen+ Dex+3}
 39177 | Elf:3    | Entered Level 3 of the Elven Halls
 39180 | Elf:3    | Identified the +0 pair of gloves of Orum {SInv} (Okawaru
                  | gifted it to you on level 3 of the Elven Halls)
 39180 | Elf:3    | Received a gift from Okawaru
 39187 | Elf:3    | Reached XP level 21. HP: 181/185 MP: 27/27
 39794 | Elf:3    | Identified the amulet of the Zebra {Acrobat rPois rF- rN+
                  | Str+2}
 39796 | Elf:3    | Identified the +0 glaive of Caustic Absolution {flame,
                  | rElec}
 39803 | Elf:3    | Identified the +2 chain mail of Zin's Scorn {rElec}
 40375 | Elf:3    | Reached skill level 15 in Dodging
 40385 | Elf:3    | Identified the +0 plate armour "Giolled" {rElec rF- Str+6
                  | Dex+3}
 40580 | Elf:3    | Identified the staff of poison "Xogiti" {rPois Dex+3}
 40605 | Elf:3    | Identified the staff of earth "Joekig" {Dex+6 SInv}
 40606 | Elf:3    | Identified the +3 short sword of Jocixon {heavy, Drain
                  | rElec rCorr}
 40769 | Elf:3    | Noticed Louise
 40783 | Elf:3    | Killed Louise
 41026 | Depths:1 | Entered Level 1 of the Depths
 41086 | Vaults:1 | Entered Level 1 of the Vaults
 41135 | Vaults:1 | Identified the +6 bardiche of Makhleb's Castigation {venom,
                  | MP+9 Int+5 Dex-3}
 41294 | Vaults:1 | Identified the +0 scale mail of Weightlessness {rF+}
                  | (Okawaru gifted it to you on level 1 of the Vaults)
 41294 | Vaults:1 | Received a gift from Okawaru
 41650 | Vaults:1 | Noticed Saint Roka
 41693 | Vaults:1 | Killed Saint Roka
 42232 | Vaults:2 | Identified the +0 robe "Ynidu" {rC+} (Okawaru gifted it to
                  | you on level 2 of the Vaults)
 42232 | Vaults:2 | Received a gift from Okawaru
 42265 | Vaults:2 | Reached XP level 22. HP: 198/198 MP: 28/28
 43169 | Vaults:2 | Found Yliwno's Antique Weapon Emporium.
 43177 | Vaults:2 | Bought an ebony mace for 168 gold pieces
 43177 | Vaults:2 | Identified the +1 mace of the Burning God {vamp, Fly rElec
                  | rC+ Str+5} (You bought it in a shop on level 2 of the
                  | Vaults)
 43672 | Vaults:3 | Noticed Boris
 43683 | Vaults:3 | Killed Boris
 43870 | Vaults:3 | Found a staircase to the Crypt.
 43973 | Vaults:3 | Received a gift from Okawaru
 44011 | Vaults:3 | Identified the +1 short sword of the First Moons {chaos,
                  | Fragile rF+++ rC+++}
 44012 | Vaults:3 | Found Sepraloe's Armour Emporium.
 44314 | Vaults:3 | Received a gift from Okawaru
 45940 | Depths:1 | Found a gateway to Hell.
 45980 | Depths:1 | Identified the +0 chain mail of Fasop {rPois Dex+3 Stlth-}
                  | (Okawaru gifted it to you on level 1 of the Depths)
 45980 | Depths:1 | Received a gift from Okawaru
 45985 | Depths:1 | Found a shimmering altar of Xom.
 46006 | Depths:1 | Reached XP level 23. HP: 208/208 MP: 29/29
 47452 | Depths:2 | Received a gift from Okawaru
 47590 | Depths:2 | Noticed a juggernaut
 47598 | Depths:2 | Identified the +10 rapier "Nyetrul" {elec, rN++}
 47599 | Depths:2 | Killed a juggernaut
 47599 | Depths:2 | Received a gift from Okawaru
 47756 | Depths:2 | Got Vacuir's Notes on Frore Gloom
 47921 | Depths:3 | Found a one-way gate to the infinite horrors of the Abyss.
 47946 | Depths:3 | Received a gift from Okawaru
 48094 | Depths:3 | Found Buekar Ynur's Weapon Shoppe.
 48095 | Depths:3 | Found Xism's Weapon Shoppe.
 48095 | Depths:3 | Found Daips's Jewellery Emporium.
 48118 | Depths:3 | Found Apaucou's Book Emporium.
 48211 | Depths:3 | Noticed the Enchantress
 48258 | Depths:3 | Killed the Enchantress
 48811 | Depths:3 | Noticed a juggernaut
 48826 | Depths:3 | Killed a juggernaut
 48979 | Depths:3 | Reached XP level 24. HP: 192/219 MP: 29/29
 49035 | Depths:3 | Found a radiant altar of Vehumet.
 49052 | Depths:3 | Identified the +8 halberd of Big Damage {heavy, +Blink
                  | Str-2 SInv}
 49242 | Depths:4 | Entered Level 4 of the Depths
 49485 | Depths:4 | Found a one-way gateway to a ziggurat.
 49716 | Depths:4 | Found a glowing silver altar of Zin.
 49716 | Depths:4 | Found a glowing golden altar of the Shining One.
 49829 | Depths:4 | Found a white marble altar of Elyvilon.
 50000 | Depths:4 | Received a gift from Okawaru
 50665 | Depths:4 | Found a gate to the Realm of Zot.
 50672 | Depths:4 | Identified the +6 flail "Nistrif Ityx" {spect, Int+3}
 50810 | Depths:4 | Received a gift from Okawaru
 51435 | Vaults:5 | Entered Level 5 of the Vaults
 52115 | Vaults:5 | Identified the +11 flail "Usei" {flame, rF+ Stlth+}
 52155 | Vaults:5 | Reached XP level 25. HP: 229/229 MP: 29/29
 52221 | Vaults:5 | Received a gift from Okawaru
 52373 | Vaults:5 | Identified the +1 chain mail "Qugois" {rElec rN+}
 52390 | Vaults:5 | Identified the +0 cloak of Gouthrint {Int+3}
 52403 | Vaults:5 | Reached skill level 27 in Fighting
 52450 | Vaults:5 | Reached skill level 27 in Shields
 52542 | Vaults:5 | Reached skill level 27 in Armour
 52747 | Vaults:5 | Identified the +0 ring mail of Undesirable Species {Regen+
                  | Int+3}
 53262 | Vaults:5 | Identified the +5 flail "Qown" {elec, rC+ Str+4 Int+4
                  | Dex-4}
 53375 | Vaults:5 | Got a silver rune of Zot
 53473 | Vaults:5 | Identified the +7 glaive of Egomania {protect, Dex+3}
 54578 | Zot:1    | Entered Level 1 of the Realm of Zot
 54688 | Zot:3    | Noticed Grunn
 54720 | Zot:3    | Killed Grunn
 54727 | Zot:3    | Received a gift from Okawaru
 54914 | Zot:5    | Entered Level 5 of the Realm of Zot
 55224 | Zot:5    | Noticed an ancient lich
 55232 | Zot:5    | Noticed an orb of fire
 55233 | Zot:5    | Noticed a Killer Klown
 55237 | Zot:5    | Gained mutation: You are very frail. (-20% HP) [an orb of
                  | fire]
 55238 | Zot:5    | Noticed a Killer Klown
 55240 | Zot:5    | Gained mutation: You are clumsy. (Dex -2) [an orb of fire]
 55244 | Zot:5    | Killed an ancient lich
 55247 | Zot:5    | Gained mutation: You are occasionally teleported next to
                  | monsters. [an orb of fire]
 55255 | Zot:5    | Gained mutation: Your spells are a little easier to cast,
                  | but a little less powerful. [an orb of fire]
 55255 | Zot:5    | Noticed an orb of fire
 55256 | Zot:5    | Noticed a Killer Klown
 55261 | Zot:5    | a Killer Klown changed into a juggernaut
 55261 | Zot:5    | Noticed a juggernaut
 55270 | Zot:5    | Got the Orb of Zot
 55291 | Zot:5    | Gained mutation: Your magical capacity is low. (-10% MP)
                  | [mutagenic glow]
 55301 | Zot:5    | Gained mutation: You are extremely frail. (-30% HP)
                  | [mutagenic glow]
 55305 | Zot:4    | Lost mutation: You are clumsy. (Dex -2) [potion of
                  | mutation]
 55305 | Zot:4    | Lost mutation: You are occasionally teleported next to
                  | monsters. [potion of mutation]
 55904 | D:$      | Escaped with the Orb!

Illustrated notes

Levels and vault maps discovered:
D:1:      onia_arrival_pyramid, layout_loops_ring, serial_shops, shop,
          ebering_ecumenical_altar_petrified
D:2:      layout_basic, minmay_tromino_i2
D:3:      wander_river, layout_loops_corners, uniq_grinder, uniq_terence
D:4:      layout_basic, nemelex_xobeh_ov_fountains_minmay, led_sif_book,
          minmay_temple_entry_junction, serial_shops, shop, uniq_edmund
D:5:      layout_basic, lemuel_crystal_altar, uniq_prince_ribbit1
D:6:      layout_rooms, cheibrodos_ashenzari_chains
D:7:      layout_cave_pods, mainiacjoe_overflow_chevrons,
          mainiacjoe_overflow_big_doors, uniq_joseph
D:8:      layout_basic, minmay_shop_grid_forest, grunt_ministairs_13,
          grunt_decor_arrowhead, nicolae_fountain_basement
D:9:      layout_loops_ring, good_gods_temple_1, bloody_makhleb,
          kennysheep_little_box, gammafunk_ghost_cemetery, serial_shops,
          nicolae_shop_waterfront, enter_bailey_5
D:10:     layout_irregular_city, nicolae_gozag_cash_rules_everything_around_me,
          nicolae_overflow_crystal_walls, orc_0_dummy,
          hangedman_abyss_or_decor_clamps
D:11:     layout_loops_cross, lair_entry_dummy
D:12:     layout_basic
D:13:     layout_basic, dreamdust_wishing_well, nrook_guardian_serpent_double,
          uniq_snorg, uniq_lodul
D:14:     layout_grid_maze, david_vaults_4, grunt_dithmenos_smoke
D:15:     gammafunk_depths_entry_grave, layout_loops_ring
Temple:   hellmonk_temple_rainy
Lair:1:   layout_concentric_octagons, grunt_megastairs_3, serial_bayou_shore_b,
          uniq_gastronok
Lair:2:   layout_gridlike, elwin_shoals_entry_stream,
          nicolae_spider_entry_orb_guardian
Lair:3:   gammafunk_indiana_jones, layout_gridlike, uniq_kirke, uniq_nessos
Lair:4:   layout_layer_cave, slime_entry_1, nicolae_lair_lindhole
Lair:5:   hangedman_lair_caniforms_friends, layout_regular_city,
          hangedman_lair_tendril_chambers
Shoals:1: layout_shoals
Shoals:2: layout_shoals, serial_shops, nicolae_shop_back_alley_shop,
          nicolae_shoals_water_elemental_grotto
Shoals:3: layout_shoals, gammafunk_ghost_wrathful_warriors, serial_shops,
          nicolae_shop_gaudy_bauble, uniq_donald
Shoals:4: shoals_end_grunt_ice, layout_shoals, shoal_ilsuiw,
          nicolae_shoals_cliffside_cave, uniq_mara, uniq_nikola
Spider:1: layout_spider_delve, hellmonk_test_site
Spider:2: layout_spider_delve
Spider:3: layout_spider_delve, uniq_mlioglotl
Spider:4: hellmonk_spider_rune_endless_swarm, uniq_agnes
Orc:1:    layout_diamond_mine, serial_shops, nicolae_shop_tiny_waterfront,
          nicolae_shop_gaudy_bauble, nicolae_shop_hallway_plus
Orc:2:    pf_orc_diabolical, layout_diamond_mine, gauntlet_entry_generic,
          biasface_ghost_orc_armoury, uniq_erolcha
Elf:1:    layout_rooms, serial_shops, shop, minmay_elf_demonology,
          evilmike_spriggan_trog_shrine, uniq_zenata
Elf:2:    nicolae_elf_blades_splatter_lattice [infiniplex_blade_entry_pillars],
          layout_loops_ring, portal_desolation_entry_twin_temple, serial_shops,
          shop, corner_web_ring
Elf:3:    minmay_elf_hall_not_hex, layout_geoelf_diagonals,
          hangedman_elf_represent, uniq_louise
Vaults:1: nicolae_vaults_trapezoid_lopsided_3, nicolae_vaults_heist,
          nicolae_vaults_mitosis, grunt_vaults_hallway_short,
          nicolae_vaults_tetromino_L_1, nicolae_vaults_little_ls,
          nicolae_vaults_variable_pillar_hall, nicolae_vaults_house_2,
          nicolae_vaults_double_plus_1, layout_vaults_big_room, uniq_saint_roka
Vaults:2: nicolae_vaults_little_squares_6, v_misc_17, dpeg_vaults_monster_row,
          v_rooms_1, v_misc_25, nicolae_vaults_tangram_2,
          nicolae_vaults_ellipses_ellipsis, vaults_dpeg_hooks, v_misc_26,
          nicolae_vaults_network_s, ontoclasm_vaults_decontamination,
          layout_vaults_ring, serial_shops, shop
Vaults:3: grunt_vaults_swirl, nicolae_vaults_two_Ls, nicolae_vaults_house_3,
          grunt_vaults_bifocal, dpeg_vaults_monster_box,
          nicolae_vaults_angled_halls, vaults_dpeg_ring,
          nicolae_vaults_ring_of_whatevers, nicolae_vaults_six-pack,
          vaults_dpeg_emergency_exit, nicolae_vaults_two_Ls,
          layout_vaults_omnigrid, dummy_crypt_entry, serial_shops, shop,
          uniq_boris
Vaults:4: nicolae_vaults_border_crossing, nicolae_vaults_frosty_reception,
          nicolae_vaults_closet_pinwheel_3, hangedman_vaults_river_flow,
          nicolae_vaults_storage_room_water,
          nicolae_vaults_shipping_containers_3,
          nicolae_vaults_inception_corners, vaults_mumra_minichess_inversion,
          vaults_room_grid, ontoclasm_vaults_tryst, layout_vaults_maze_snakey
Vaults:5
Depths:1: layout_long_grid, hell_entry, xom_teletrap_fun, lemuel_flames_and_gold
Depths:2: minmay_the_grid_triangle_9x9_line_8_mashed
          [minmay_the_grid_triangle_9x9_semitri,
          minmay_the_grid_triangle_9x9_skeleton,
          minmay_the_grid_triangle_9x9_minimal,
          minmay_the_grid_triangle_9x9_checkered,
          minmay_the_grid_triangle_9x9_impossible_snake,
          minmay_the_grid_triangle_9x9_corruption,
          minmay_the_grid_triangle_9x9_negative_grid,
          minmay_the_grid_triangle_9x9_prize_insulated], layout_cave_pools,
          pf_coc_iceberg, rand_demon_pan_entry_7, dk_noncrumbling_3
Depths:3: kennysheep_ambush_hall, layout_gridlike, serial_glass,
          glass_columns_a, glass_columns_a, rand_demon_pan_entry_1, hell_entry,
          abyss_entry, nicolae_vehumet_altar_sigil, minmay_shoptagon,
          uniq_enchantress
Depths:4: lemuel_castle_with_subvaults [lemuel_castle_interior_carwin_3],
          layout_twisted_cross, enter_ziggurat_a, hell_entry,
          minmay_misc_feat_tower, hallowed_hall
Zot:1:    layout_concentric_octagons
Zot:2:    layout_onion_interference, grunt_megastairs_5
Zot:3:    layout_cellular_growth, ebering_ghost_rock_garden, grunt_megastairs_2,
          uniq_grunn
Zot:4:    layout_cathedral_of_symmetry
Zot:5:    layout_basic

Skill      XL: |  1  2  3  4  5  6  7  8  9 10 11 12 13 14 15 16 17 18 19 20 21 22 23 24 25 |
---------------+----------------------------------------------------------------------------+-----
Maces & Flails | 3 4 5 6 8 9 11 14 | 14.0
Fighting       | 6 7 9 11 12 14 16 17 19 20 21 23 24 25 26 27 | 27.0
Armour         | 6 7 9 11 13 14 16 17 19 20 21 23 24 25 26 27 | 27.0
Dodging        | 3 4 5 6 8 9 10 11 12 13 14 15 16 17 18 21 | 21.1
Shields        | 6 7 9 11 12 14 16 17 19 20 21 23 24 25 26 27 | 27.0
Invocations    | 1 6 8 10 | 10.1
Throwing       | 4 |  4.5

Action                     |  1- 3 |  4- 6 |  7- 9 | 10-12 | 13-15 | 16-18 | 19-21 | 22-24 | 25-27 || total
---------------------------+-------+-------+-------+-------+-------+-------+-------+-------+-------++-------
  Melee: Flail             |   104 |    58 |   154 |       |       |       |       |       |       ||   316
         Headbutt          |    12 |    14 |    54 |   125 |   330 |   524 |   377 |   887 |   192 ||  2515
         Mace              |       |       |   134 |   156 |       |       |       |       |       ||   290
         Morningstar       |       |       |       |   368 |  1129 |  1832 |  1197 |  2219 |   472 ||  7217
 Invoke: Heroism           |       |       |     1 |     6 |     3 |    14 |     7 |     2 |       ||    33
         Finesse           |       |       |       |     1 |     1 |     8 |     4 |    12 |     1 ||    27
  Evoke: Wand              |       |       |       |     2 |       |    11 |     1 |     8 |    17 ||    39
    Use: Scroll            |       |     5 |     6 |     6 |    19 |    10 |     4 |    13 |    11 ||    74
         Potion            |       |     8 |       |     4 |     7 |     6 |     4 |       |    11 ||    40
   Stab: Invisible         |       |     1 |       |       |       |       |       |       |       ||     1
 Armour: Scale mail        |    30 |     2 |       |       |       |       |       |       |       ||    32
         Chain mail        |       |    18 |   100 |   209 |   177 |       |       |       |       ||   504
         Skin              |       |     2 |       |       |       |       |       |       |       ||     2
         Plate armour      |       |       |       |       |   328 |   736 |   363 |   710 |   127 ||  2264
  Dodge: Dodged            |    40 |    14 |    60 |   242 |   649 |  1045 |   644 |  1108 |   207 ||  4009
  Block: Buckler           |    15 |     9 |    27 |   145 |       |       |       |       |       ||   196
         Tower shield      |       |       |       |       |  1325 |   831 |       |       |       ||  2156
         Kite shield       |       |       |       |       |       |  1032 |  1211 |  2197 |   418 ||  4858
         Reflection        |       |       |       |       |       |       |    58 |    39 |    14 ||   111
